 Dungeon Crawl Stone Soup version 0.29.1-2-gbd0b4ee654 (webtiles) character file.

Game seed: 10165434800033732751

100 kingsuperguy the Cudgeller (level 4, -9/40 HPs)
             Began as a Minotaur Berserker on Nov 18, 2022.
             Was a Believer of Trog.
             Killed by an exploding orc wizard (24 damage)
             ... ignited by their inner flame
             ... on level 3 of the Dungeon.
             The game lasted 00:02:32 (2189 turns).

kingsuperguy the Cudgeller (Minotaur Berserker)     Turns: 2189, Time: 00:02:33

Health: -9/40      AC:  5    Str: 23    XL:     4   Next: 46%
Magic:  3/3        EV: 11    Int:  4    God:    Trog [**....]
Gold:   64         SH:  0    Dex: 10    Spells: 3/3 levels left

rFire   . . .      SeeInvis .   a - +0 mace
rCold   . . .      Faith    .   (no shield)
rNeg    . . .      Spirit   .   d - +0 ring mail
rPois   .          Reflect  .   (helmet restricted)
rElec   .          Harm     .   (no cloak)
rCorr   .          Rampage  .   (no gloves)
Will    .....                   (no boots)
Stlth   +.........              (no amulet)
HPRegen 0.13/turn               (no ring)
MPRegen 0.08/turn               (no ring)

@: hasted, very quick
A: horns 2, retaliatory headbutt
a: Renounce Religion, Berserk, Trog's Hand


You were on level 3 of the Dungeon.
You worshipped Trog.
Trog was pleased with you.
You visited 1 branch of the dungeon, and saw 3 of its levels.

You collected 64 gold pieces.

Inventory:

Hand Weapons
 a - a +0 mace (weapon)
Missiles
 t - 5 poisoned darts (quivered)
Armour
 b - a +0 animal skin
 d - a +0 ring mail (worn)
Jewellery
 s - an amulet of the acrobat
Scrolls
 c - 2 scrolls of identify {unknown}
 i - a scroll of vulnerability {unknown}
 j - a scroll of fear {unknown}
 l - a scroll of enchant weapon {unknown}
 m - a scroll of teleportation {unknown}
Potions
 f - a potion of brilliance {unknown}
 g - 2 potions of haste
 k - 2 potions of cancellation {unknown}
 n - a potion of lignification {unknown}
 p - a potion of flight {unknown}
 q - a potion of degeneration {unknown}
 r - a potion of magic {unknown}


   Skills:
 + Level 4.2 Fighting
 + Level 5.1 Maces & Flails
 + Level 3.1 Armour
 + Level 2.6 Dodging
 + Level 0.7 Stealth


You had 3 spell levels left.
You didn't know any spells.
Your spell library was empty.

Dungeon Overview and Level Annotations

Branches:
Dungeon (3/15)

Altars:

Shops:
D:2 *


Innate Abilities, Weirdness & Mutations

You have a pair of horns on your head.
You reflexively headbutt those who attack you in melee.


Message History

The orc hits you with a +0 club.
You're too confused to move!
The orc hits you with a +0 club.
You are too confused!
The orc attacks as you move away! The orc hits you but does no damage.
You bump into the rock wall.
The orc wizard barely misses you. The orc closely misses you.
It was a potion of haste.
You feel yourself speed up.
The orc wizard hits you but does no damage.
The orc hits you but does no damage. x2
You hit the orc wizard but do no damage.
The orc wizard hits you with a +0 dagger.
The orc closely misses you. The orc barely misses you.
You bump into the rock wall.
You bump into the rock wall.
You feel less confused.
The orc wizard points at you and mumbles some strange words.
The puff of flame hits you!
* * * LOW HITPOINT WARNING * * *
The orc closely misses you. The orc hits you with a +0 short sword.
* * * LOW HITPOINT WARNING * * *
The air fills with toxic fumes!
As you read the scroll labelled CEOLYO LIRUNTA, it crumbles to dust.
It was a scroll of poison.
As you read the scroll labelled KIONTI LA WYIH, it crumbles to dust.
The creatures around you are filled with an inner flame!
It was a scroll of immolation.
The orc closely misses you. The orc wizard closely misses you.
You furiously retaliate!
You headbutt the orc wizard!
Flame seeps out of the orc wizard.
The orc hits you with a +0 club.
* * * LOW HITPOINT WARNING * * *
It was a potion of curing.
You feel better.
The orc wizard is engulfed in blazing flames.
Trog accepts your kill.
Trog appreciates your killing of a magic user.
The orc wizard explodes!
The fiery explosion engulfs the orc!!
Trog accepts your kill. The fiery explosion engulfs you!!
Ouch! That really hurt!
You die...

# §#
######§###
#§§§§§§§§.
#§§§§§§§§.
#§§§§§§§§.
#○§§§§§§§.
#@o§§§§§§.
#########.


You could see an orc (inner flame).

Vanquished Creatures
  An orc wizard (D:3)
  4 adders (D:2)
  2 worms (D:2)
  2 dart slugs (D:1)
  2 orcs
  2 ball pythons
  4 endoplasms
  3 giant cockroaches
  7 goblins
  5 hobgoblins
  3 quokkas
  5 bats
  4 frilled lizards
  5 kobolds
  5 rats
54 creatures vanquished.

Notes
Turn   | Place    | Note
-------+----------+-------------------------------------------
     0 | D:1      | kingsuperguy the Minotaur Berserker began the quest for the
                  | Orb.
     0 | D:1      | Reached XP level 1. HP: 19/19 MP: 0/0
     9 | D:1      | Found a faded altar of an unknown god.
   235 | D:1      | Reached skill level 4 in Maces & Flails
   337 | D:1      | Reached XP level 2. HP: 12/27 MP: 1/1
   748 | D:1      | You fall into a shaft and drop 1 floor!
   762 | D:2      | Reached XP level 3. HP: 19/33 MP: 2/2
   913 | D:2      | Reached ** piety under Trog
   917 | D:2      | Found Cumamefu's General Store.
  1214 | D:2      | Reached skill level 5 in Maces & Flails
  1214 | D:2      | Reached XP level 4. HP: 29/40 MP: 3/3
  2189 | D:3      | Killed by an exploding orc wizard... ignited by their inner
                  | flame

Illustrated notes

Levels and vault maps discovered:
D:1:      dreamdust_arrival_sigmund_warning, layout_loops_corners,
          shapermc_ecumenical_altar_ellora
D:2:      layout_rooms, serial_shops, nicolae_shop_statue_plus,
          minmay_divided_ellipse
D:3:      layout_rooms, gammafunk_temple_overflow_claw, uniq_ijyb

Skill      XL: |  1  2  3  4 |
---------------+-------------+-----
Maces & Flails | 4 5 |  5.1
Fighting       | 4 |  4.2
Armour         | 3 |  3.1
Dodging        | |  2.6
Stealth        | |  0.7

Action                   |  1- 3 |  4- 6 || total
-------------------------+-------+-------++-------
Melee: Mace              |    70 |    32 ||   102
       Headbutt          |     9 |     3 ||    12
       Punch             |       |     1 ||     1
  Use: Scroll            |       |     2 ||     2
       Potion            |       |     2 ||     2
 Stab: Sleeping          |     1 |       ||     1
Armor: Animal skin       |     4 |       ||     4
       Ring mail         |    22 |    15 ||    37
Dodge: Dodged            |    54 |    29 ||    83
